 Dungeon Crawl Stone Soup version 0.30.0-5-g1a98f26d00 (webtiles) character file.

Game seed: 7922185798017599653

1853 Jarnaxa the Cleaver (level 9, -3/79 HPs)
             Began as a Hill Orc Monk on May 11, 2023.
             Was a Priest of Beogh.
             Splashed by a jelly's acid (8 damage)
             ... on level 7 of the Dungeon.
             The game lasted 00:10:15 (5366 turns).

Jarnaxa the Cleaver (Hill Orc Monk)                 Turns: 5366, Time: 00:10:16

Health: -3/79      AC:  0    Str: 18    XL:     9   Next: 12%
Magic:  9/9        EV: 11    Int: 10    God:    Beogh [***...]
Gold:   166        SH:  0    Dex: 13    Spells: 8/8 levels left

rFire   + . .        a - +0 hand axe
rCold   . . .        d - orb {light}
rNeg    . . .        p - +3 scale mail of Philately {Rampage rPois}
rPois   +            (no helmet)
rElec   .            (no cloak)
rCorr   .            u - +0 pair of gloves
SInv    .            v - +0 pair of boots
Will    .....        f - amulet of regeneration Stlth
                     t - ring of protection from fire
HPRegen 1.13/turn    (no ring)
MPRegen 0.11/turn

%: rampage
@: corroded, glowing
A: no striking features
a: Renounce Religion, Smiting


You were on level 7 of the Dungeon.
You worshipped Beogh.
Beogh was most pleased with you.
You visited 1 branch of the dungeon, and saw 7 of its levels.

You collected 292 gold pieces.
You spent 126 gold pieces at shops.

Inventory:

Hand Weapons
 a - a +0 hand axe (weapon)
Missiles
 m - 5 javelins (quivered)
Armour
 d - an orb of light (worn)
 p - the +3 scale mail of Philately (worn) {Rampage rPois}
   (You found it on level 4 of the Dungeon)

   rPois:     It protects you from poison.
   Rampage:   It bestows one free step when moving towards enemies.
 u - a +0 pair of gloves (worn)
 v - a +0 pair of boots (worn)
Jewellery
 f - an amulet of regeneration (around neck)
 t - a ring of protection from fire (left hand)
Wands
 b - a wand of digging (3)
Scrolls
 k - 2 scrolls of teleportation
 l - 3 scrolls of identify
 n - a scroll of magic mapping {unknown}
Potions
 c - a potion of ambrosia
 e - a potion of lignification
 g - a potion of flight {unknown}
 h - 3 potions of magic
 i - 3 potions of attraction {unknown}
 j - 2 potions of brilliance
 o - 3 potions of curing
 q - 3 potions of haste
 r - a potion of cancellation {unknown}
 s - a potion of resistance


   Skills:
 + Level 7.3 Fighting
 + Level 11.1 Axes
 + Level 4.6 Armour
 + Level 4.2 Dodging
 + Level 1.3 Stealth


You had 8 spell levels left.
You didn't know any spells.
Your spell library contained the following spells:

 Spells                   Type           Power      Damage    Failure   Level
 Sandblast                Erth           0%         2d4       75%         1
 Sting                    Tmut/Pois      0%         1d3       75%         1
 Passwall                 Tmut/Erth      0%         N/A       86%         2
 Poisonous Vapours        Pois/Air       0%         N/A       86%         2
 Call Canine Familiar     Summ           0%         N/A       98%         3
 Portal Projectile        Hex/Tloc       0%         N/A       98%         3
 Stone Arrow              Conj/Erth      0%         3d7       98%         3
 Leda's Liquefaction      Hex/Erth       0%         N/A       100%        4
 Olgreb's Toxic Radiance  Pois           0%         N/A       100%        4


Dungeon Overview and Level Annotations

Branches:
Dungeon (7/15)
 Temple: D:4-7

Altars:
Okawaru
Qazlal
Xom

Shops:
D:7 [

Portals:
Abyss: D:5

Annotations:
D:5 2 transporters, NoOffense's ghost, amateur MeHs


Message History

Beogh accepts your kill.
There is an empty arch of ancient stone here.
You hear the slow hiss of a very distant avalanche of sand.
Found a scroll of immolation.
A jelly comes into view.
The jelly quivers.
A jelly is nearby!
A white imp comes into view.
The white imp shouts, "Beg for mercy, thou unhinged hasty-witted mish-mash!"
You rampage towards the white imp!
The jelly hits you. The acid corrodes you!
You are splashed with acid!
You hit the jelly.
Your hands burn!
The jelly is lightly wounded.
The white imp gestures at you. The puff of frost hits you.
The jelly closely misses you.
You hit the jelly. The acid corrodes you!
Your hands burn!
The jelly is lightly wounded.
The jelly hits you.
You are splashed with acid!
You completely miss the jelly.
The jelly is lightly wounded.
You hit the jelly. The acid corrodes you!
Your hands burn!
The jelly is moderately wounded.
The jelly hits you.
You are splashed with acid!
You slash the jelly!
Your hands burn!
The jelly is almost dead.
You hit the white imp. The white imp gestures at you.
The puff of frost hits you! The jelly hits you.
You are splashed with acid!
* * * LOW HITPOINT WARNING * * *
You hit the jelly but do no damage.
Your hands burn!
* * * LOW HITPOINT WARNING * * *
The jelly is almost dead.
You barely miss the white imp. The white imp gestures at you.
The puff of frost hits you!
* * * LOW HITPOINT WARNING * * *
The jelly hits you.
* * * LOW HITPOINT WARNING * * *
The acid corrodes you!
You are splashed with acid!
You die...

#.. ..#### #..#
......###..#
........... #
..........# ###
..........## ###..
...........# ###...#
......5J...##
###...###
.......@....####...###
#...........##...###
##.............###
##..?.......###
##.......###
..#....### #....###
####. #


You could see a jelly and a white imp.

Vanquished Creatures
  Sigmund (D:5)
  A water moccasin (D:6)
  Duvessa (D:4)
  2 ice beasts
  2 ogres
  A centaur (D:5)
  4 scorpions
  Dowan (D:4)
  3 hounds
  A jelly (D:7)
  An orc priest (D:5)
  4 sleepcaps (D:5)
  5 iguanas
  3 orc wizards
  4 gnolls (D:6)
  11 adders
  4 shadow imps
  2 white imps
  2 ufetubi
  A worm (D:5)
  3 dart slugs
  14 orcs
  11 endoplasms
  3 giant cockroaches
  4 hobgoblins
  5 jackals
  5 quokkas
  5 bats
  7 frilled lizards
  2 goblins
  6 kobolds
  7 rats
126 creatures vanquished.

Notes
Turn   | Place    | Note
-------+----------+-------------------------------------------
     0 | D:1      | Jarnaxa the Hill Orc Monk began the quest for the Orb.
     0 | D:1      | Reached XP level 1. HP: 19/19 MP: 1/1
   235 | D:1      | Reached XP level 2. HP: 24/27 MP: 2/2
   840 | D:2      | Reached XP level 3. HP: 32/33 MP: 3/3
   981 | D:2      | Found a shimmering altar of Xom.
  1425 | D:2      | Reached skill level 5 in Axes
  1682 | D:3      | Reached XP level 4. HP: 41/41 MP: 4/4
  1926 | D:3      | Found an iron altar of Okawaru.
  2394 | D:4      | Reached skill level 6 in Axes
  2394 | D:4      | Reached XP level 5. HP: 39/47 MP: 5/5
  2455 | D:4      | Reached XP level 6. HP: 43/55 MP: 6/6
  2708 | D:4      | Reached skill level 5 in Fighting
  2708 | D:4      | Reached skill level 7 in Axes
  2745 | D:4      | Noticed Duvessa
  2750 | D:4      | Noticed Dowan
  2765 | D:4      | Identified the +3 scale mail of Philately {Rampage rPois}
  2811 | D:4      | Killed Duvessa
  2812 | D:4      | Reached skill level 1 in Stealth
  2822 | D:4      | Killed Dowan
  2823 | D:4      | Reached XP level 7. HP: 59/59 MP: 7/7
  3147 | D:4      | Identified the +1 robe of the Will of the Gods {rPois Int+3
                  | Dex+4}
  3228 | D:4      | Reached skill level 8 in Axes
  3440 | D:5      | Entered Level 5 of the Dungeon
  3441 | D:5      | Became a worshipper of Beogh the Brigand
  3441 | D:5      | Reached * piety under Beogh
  3441 | D:5      | Reached ** piety under Beogh
  3550 | D:5      | Reached skill level 1 in Armour
  3716 | D:5      | Found a one-way gate to the infinite horrors of the Abyss.
  3716 | D:5      | Noticed NoOffense's ghost (amateur MeHs)
  3716 | D:5      | Noticed an ancient zyme
  3730 | D:5      | Reached skill level 9 in Axes
  3784 | D:5      | Reached XP level 8. HP: 65/70 MP: 8/8
  3829 | D:5      | Noticed Sigmund
  3841 | D:5      | Killed Sigmund
  3929 | D:5      | Found a transporter.
  3930 | D:5      | Found a transporter.
  3964 | D:5      | Reached skill level 10 in Axes
  4849 | D:6      | Reached XP level 9. HP: 79/79 MP: 9/9
  4863 | D:6      | Found a stormy altar of Qazlal.
  5056 | D:6      | Reached skill level 11 in Axes
  5182 | D:7      | Found Fubb's Armour Shoppe.
  5197 | D:7      | Bought a +0 pair of gloves for 63 gold pieces
  5197 | D:7      | Bought a +0 pair of boots for 63 gold pieces
  5303 | D:7      | Reached *** piety under Beogh
  5366 | D:7      | Splashed by a jelly's acid

Illustrated notes

Levels and vault maps discovered:
D:1:      amcnicky_arrival_choice, layout_basic, minmay_distorted
D:2:      minmay_chambers_of_ones, layout_loops_ring, basic_altar
D:3:      layout_rooms, mainiacjoe_overflow_tiny_flanked, st_stairs_9
D:4:      layout_rooms, serial_park_tiny_2, chequers_jeans, minivault_1,
          serial_bayou_pond_d, uniq_duvessa
D:5:      layout_basic, gammafunk_ghost_abyssal_escape, uniq_sigmund
D:6:      layout_gridville, marbit_many_paths
D:7:      layout_cave_pods, temple_statues, chequers_ossuary_entry_cave,
          serial_demonic, serial_demonic_d, serial_demonic_g, serial_demonic_c,
          serial_demonic_f, serial_shops, shop

Skill      XL: |  1  2  3  4  5  6  7  8  9 |
---------------+----------------------------+-----
Fighting       | 4 5 6 7 |  7.3
Axes           | 5 6 7 9 10 11 | 11.1
Dodging        | 3 4 |  4.2
Stealth        | 1 |  1.3
Armour         | 2 4 |  4.6

Action                     |  1- 3 |  4- 6 |  7- 9 || total
---------------------------+-------+-------+-------++-------
  Melee: Hand axe          |    85 |   143 |   297 ||   525
 Invoke: Convert to Beogh  |       |       |     1 ||     1
    Use: Scroll            |       |    10 |     5 ||    15
         Potion            |       |     1 |       ||     1
 Armour: Robe              |    13 |    14 |       ||    27
         Scale mail        |       |    18 |   105 ||   123
         Skin              |       |     4 |       ||     4
  Dodge: Dodged            |    44 |   101 |   123 ||   268
